 Dungeon Crawl Stone Soup version 0.26-a0-778-g3fe0686644 (webtiles) character file.

Game seed: 6482935503923317803

523 reriks the Skirmisher (level 7, -1/108 HPs)
             Began as an Ogre Hunter on Nov 11, 2020.
             Was an Initiate of Cheibriados.
             Slain by an orc
             ... wielding a +2 vorpal hand axe
              (3 damage)
             ... on level 4 of the Dungeon.
             The game lasted 00:05:21 (3989 turns).

reriks the Skirmisher (Ogre Hunter)                 Turns: 3989, Time: 00:05:22

Health: -1/108     AC: 23    Str: 20    XL:     7   Next: 22%
Magic:  7/7        EV:  1    Int: 13    God:    Cheibriados [......]
Gold:   165        SH:  0    Dex: 10    Spells: 6/6 levels left

rFire    . . .     SeeInvis .   k - +4 mace
rCold    . . .     Faith    .   (no shield)
rNeg     + + +     Spirit   .   (armour currently unavailable)
rPois    +         Reflect  .   (helmet currently unavailable)
rElec    .         Harm     .   (cloak currently unavailable)
rCorr    .         Rampage  .   (gloves unavailable)
MR       .....     NoTele   +   (boots unavailable)
Stlth    +.........             j - amulet of the acrobat
HPRegen  0.28/turn              e - +4 ring of evasion
MPRegen  0.10/turn              (no ring)

@: tree-form, heavily drained, very slow
A: large, unfitting armour
a: Bend Time, Renounce Religion


You were on level 4 of the Dungeon.
You worshipped Cheibriados.
Cheibriados was noncommittal.
You were a tree.
You visited 2 branches of the dungeon, and saw 5 of its levels.

You collected 165 gold pieces.

Inventory:

Hand Weapons
 a - a +0 short sword
 k - a +4 mace (weapon)
Missiles
 c - 5 large rocks (quivered)
 d - 2 throwing nets
 f - 13 sling bullets
Armour
 b - a +0 robe (melded)
Jewellery
 e - a +4 ring of evasion (left branch)
 j - an amulet of the acrobat (around neck)
Wands
 p - a wand of polymorph (5)
Scrolls
 g - 2 scrolls of identify
 o - 2 scrolls of remove curse
 r - 2 scrolls of enchant weapon {unknown}
 s - a scroll of blinking {unknown}
 t - 3 scrolls of amnesia {unknown}
Potions
 h - 2 potions of haste
 l - a potion of might {unknown}
 m - 2 potions of curing {unknown}
 n - a potion of attraction {unknown}
 q - 3 potions of degeneration {unknown}
 u - a potion of berserk rage {unknown}


   Skills:
 + Level 5.5(4.0) Fighting
 + Level 2.8(1.5) Maces & Flails
 - Level 4.1(2.8) Throwing
 + Level 2.6(1.2) Armour
 + Level 3.8(2.4) Dodging
 - Level 1.0(0.0) Stealth


You had 6 spell levels left.
You didn't know any spells.
Your spell library was empty.

Dungeon Overview and Level Annotations

Branches:
Dungeon (4/15)             Temple (1/1) D:4

Altars:
Ashenzari
Cheibriados
Dithmenos
Elyvilon
Fedhas
Gozag
Hepliaklqana
Kikubaaqudgha
Makhleb
Nemelex Xobeh
Okawaru
Qazlal
Ru
Sif Muna
Trog
Uskayaw
Wu Jian
Xom
Yredelemnul
Zin
The Shining One


Innate Abilities, Weirdness & Mutations

You are too large for most types of armour.
((You have tough skin. (AC +1)))


Message History

The orc wizard gestures at you while chanting.
The magic dart hits you!
* * * LOW HITPOINT WARNING * * *
The orc barely misses you.
The orc wizard hits you but does no damage.
The orc hits you but does no damage. x2
You barely miss the orc wizard.
The orc wizard is almost dead.
The orc wizard hits you but does no damage.
The orc hits you but does no damage.
The orc wizard hits you but does no damage.
The orc hits you but does no damage.
You sock the orc wizard!
You kill the orc wizard!
Cheibriados thoroughly appreciates the change of pace.
The orc hits you but does no damage. x2; The orc completely misses you.
You hit the orc.
The orc is heavily wounded.
The orc hits you with a +2 vorpal hand axe.
You die...

########
#......##############
#......#.............
#......#.....o)......
#......'.....♣)......
#......#......o.##...
####......#...###..#
.....#'####...# ..#
.....#...#.....# ...#
.....#...#.....# ...+
.....#...#.....# ..##
...>.'...#<....# ..#
.....#####


You could see 2 orcs.

Vanquished Creatures
  A phantom (D:4)
  An orc priest (D:4)
  A hound (D:4)
  A bullfrog skeleton (D:4)
  2 orc wizards (D:4)
  2 worker ants (D:4)
  Natasha (thrice) (D:2)
  3 gnolls (D:3)
  5 adders
  An ooze (D:2)
  A dart slug (D:1)
  3 worms
  A leopard gecko (D:2)
  7 orcs
  3 ball pythons
  11 bats
  4 giant cockroaches
  8 hobgoblins
  2 jackals (D:2)
  A quokka (D:4)
  3 frilled lizards
  9 goblins
  11 kobolds
  9 rats
93 creatures vanquished.

Notes
Turn   | Place    | Note
-------+----------+-------------------------------------------
     0 | D:1      | reriks the Ogre Hunter began the quest for the Orb.
     0 | D:1      | Reached XP level 1. HP: 22/22 MP: 1/1
   294 | D:1      | Reached skill level 3 in Fighting
   294 | D:1      | Reached skill level 1 in Stealth
   294 | D:1      | Reached XP level 2. HP: 26/31 MP: 2/2
  1293 | D:2      | Reached XP level 3. HP: 34/37 MP: 3/3
  1525 | D:2      | Reached XP level 4. HP: 37/46 MP: 4/4
  1548 | D:2      | Reached skill level 1 in Armour
  1841 | D:2      | Reached skill level 1 in Maces & Flails
  1988 | D:2      | Noticed Natasha
  2000 | D:2      | Killed Natasha
  2258 | D:2      | Noticed Natasha
  2261 | D:2      | Killed Natasha
  2261 | D:2      | Reached skill level 4 in Fighting
  2261 | D:2      | Reached XP level 5. HP: 54/54 MP: 5/5
  2277 | D:2      | Noticed Natasha
  2289 | D:2      | Killed Natasha
  2745 | D:3      | Found a blossoming altar of Fedhas.
  2928 | D:3      | Found a shimmering blue altar of Sif Muna.
  2931 | D:3      | Found a white marble altar of Elyvilon.
  2931 | D:3      | Found a broken altar of Ashenzari.
  2934 | D:3      | Found a sacrificial altar of Ru.
  3050 | D:3      | Reached XP level 6. HP: 63/63 MP: 6/6
  3450 | D:4      | Found a staircase to the Ecumenical Temple.
  3451 | D:4      | Noticed a phantom
  3466 | D:4      | Killed a phantom
  3466 | D:4      | Reached skill level 5 in Fighting
  3471 | Temple   | Entered the Ecumenical Temple
  3635 | Temple   | Became a worshipper of Cheibriados the Contemplative
  3868 | D:4      | Reached XP level 7. HP: 72/72 MP: 7/7
  3986 | D:4      | HP: 1/108 [orc wizard/magic dart (8)]
  3989 | D:4      | Slain by an orc

Illustrated notes

Levels and vault maps discovered:
D:1:      minmay_arrival_radiant_lines, layout_basic, kennysheep_small_spiral,
          grunt_decor_junction
D:2:      layout_basic, uniq_natasha
D:3:      layout_basic, fedhas_altar_2, grunt_temple_overflow_open,
          minmay_misc_feat_alley, nrook_loot_triangle
D:4:      layout_gridville, minmay_temple_entry_glass
Temple:   nicolae_temple_x_marks_the_god

Skill      XL: |  1  2  3  4  5  6 |
---------------+-------------------+-----
Fighting       | 3 4 5 |  5.5
Dodging        | 2 3 |  3.8
Stealth        | 1 |  1.0
Armour         | 1 2 |  2.6
Maces & Flails | 1 2 |  2.8
Throwing       | |  4.1

Action                   |  1- 3 |  4- 6 |  7- 9 || total
-------------------------+-------+-------+-------++-------
Melee: Short sword       |    64 |       |       ||    64
       Mace              |    53 |   137 |    28 ||   218
       Unarmed           |       |     1 |       ||     1
Throw: Large rock        |       |     8 |       ||     8
  Use: Scroll            |     2 |       |       ||     2
       Potion            |       |       |     1 ||     1
 Stab: Distracted        |     1 |       |       ||     1
       Sleeping          |       |     1 |       ||     1
Armor: Robe              |    38 |    15 |     4 ||    57
       Skin              |       |       |    39 ||    39
Dodge: Dodged            |   116 |   108 |    29 ||   253

Table legend: (Time is in decaauts)
 A = Elapsed time spent in this place.
 B = Non-inter-level travel time spent in this place.
 C = Inter-level travel time spent in this place.
 D = Time resting spent in this place.
 E = Time spent auto-exploring this place.
 F = Levels seen in this place.
 G = Mean time per level.
                   A        B        C        D        E       F      G
               +--------+--------+--------+--------+--------+-----+--------+
         Total |   4117 |   3978 |    139 |    879 |   2177 |   5 |  823.4 |
       Dungeon |   3939 |   3811 |    128 |    781 |   2127 |   4 |  984.8 |
        Temple |    177 |    166 |     11 |     98 |     50 |   1 |  177.0 |
               +--------+--------+--------+--------+--------+-----+--------+

Top non-repeatable levels by time:
     D:2: 1391 daAuts
     D:1: 1213 daAuts
     D:3: 818 daAuts
     D:4: 516 daAuts
  Temple: 177 daAuts
